 Dungeon Crawl Stone Soup version 0.31-a0-971-g75a2e9a4b4 (webtiles) character file.

Game seed: 8151416539140704522

254 Sabo the Chopper (level 5, 0/40 HPs)
             Began as a Demonspawn Gladiator on Oct 28, 2023.
             Slain by Grinder (3 damage)
             ... on level 3 of the Dungeon.
             The game lasted 00:13:10 (2608 turns).

Sabo the Chopper (Demonspawn Gladiator)             Turns: 2608, Time: 00:13:12

Health: 0/40       AC:  8    Str: 16    XL:     5   Next: 90%
Magic:  5/5        EV:  8    Int:  9    God:
Gold:   71         SH:  0    Dex: 15    Spells: 4/4 levels left

rFire   . . .        a - +0 war axe
rCold   . . .        (no shield)
rNeg    . . .        i - +0 chain mail
rPois   .            (helmet restricted)
rElec   .            (no cloak)
rCorr   .            (no gloves)
SInv    .            (no boots)
Will    .....        (no amulet) Stlth
                     (no ring)
HPRegen 0.26/turn    (no ring)
MPRegen 0.09/turn

%: no passive effects
@: no status effects
A: antennae 1, hooves 1, demonic touch 1
a: no special abilities


You were on level 3 of the Dungeon.
You visited 1 branch of the dungeon, and saw 3 of its levels.

You collected 71 gold pieces.

Inventory:

Hand Weapons
 a - a +0 war axe (weapon)
Missiles
 j - 4 javelins
 n - 2 boomerangs
Armour
 i - a +0 chain mail (worn)
Jewellery
 o - an amulet of faith
Talismans
 q - a flux talisman
Wands
 e - a wand of flame (14)
 r - a wand of acid (9)
Scrolls
 b - a scroll of silence
 f - a scroll of teleportation
 h - a scroll of blinking
 k - a scroll of noise {unknown}
 l - a scroll of fear
 m - a scroll of amnesia {unknown}
 s - a scroll of vulnerability {unknown}
Potions
 c - a potion of resistance {unknown}
 g - 2 potions of might {unknown}
 p - a potion of enlightenment {unknown}


   Skills:
 + Level 2.9 Fighting
 + Level 4.6 Axes
 + Level 1.8 Throwing
 + Level 2.1 Armour
 + Level 3.2 Dodging
 + Level 0.8 Stealth


You had 4 spell levels left.
You didn't know any spells.
Your spell library was empty.

Dungeon Overview and Level Annotations

Branches:
Dungeon (3/15)

Altars:

Annotations:
D:3 Grinder


Innate Abilities, Weirdness & Mutations

You have a pair of small antennae on your head.
You have large cloven feet.
Your touch may inflict minor irresistible damage on your foes.


Message History

You see here a scroll of identify.
You miss the frilled lizard.
You touch the frilled lizard.
You kill the frilled lizard!
t - a scroll of identify
As you read the scroll of identify, it crumbles to dust.
b - a scroll of silence
Found a stone staircase leading down.
Grinder comes into view.
Grinder shouts!
Throw: 2 throwing nets
Press: ? - help, Q - select action, (/) - cycle Shift-Dir - straight line, f - Grinder
Aim: Grinder (52% to hit)
You throw a throwing net. The throwing net barely misses Grinder.
Grinder gestures at you. Pain shoots through your body!
Throw: throwing net
Press: ? - help, Q - select action, (/) - cycle Shift-Dir - straight line, f/p - Grinder
Aim: Grinder (52% to hit)
You throw a throwing net. The throwing net barely misses Grinder.
Unknown command.
A frilled lizard comes into view.
The frilled lizard hisses angrily.
You hear a shout!
Grinder barely misses you.
You barely miss Grinder. You kick Grinder, but do no damage.
Your touch misses Grinder. Grinder hits you.
You writhe in agony.
You slash Grinder! Your kick misses Grinder.
Grinder is moderately wounded.
Grinder hits you!
You writhe in agony.
* * * LOW HITPOINT WARNING * * *
Grinder hits you.
* * * LOW HITPOINT WARNING * * *
You writhe in agony.
* * * LOW HITPOINT WARNING * * *
You hit Grinder.
Grinder is moderately wounded.
You hit the frilled lizard.
You kill the frilled lizard!
Grinder hits you.
You die...
Grinder says, "Now the real fun starts!"

#.# #.# #.# #.# ## #.#
#.# #.# #.####. #.# #.#
....... #..
####.##..####. ###
#.....#..# ## #
####.....#..####. # .
.........#.......
....#######.....<.#####.
..(...5@..#.......######
.##...†......###........
#######.##.###.#######
#.##.....# # #.###....#
# #.. .># ###.## ..# ..#
#.# ### .... #.# ....
#.# ######


You could see Grinder.

Vanquished Creatures
  Sigmund (D:2)
  Ijyb (D:3)
  3 adders (D:2)
  A worm (D:2)
  3 bats
  8 endoplasms
  3 giant cockroaches
  4 goblins
  7 hobgoblins
  5 ball pythons
  3 frilled lizards
  2 kobolds
  6 rats
47 creatures vanquished.

Notes
Turn   | Place    | Note
-------+----------+-------------------------------------------
     0 | D:1      | Sabo the Demonspawn Gladiator began the quest for the Orb.
     0 | D:1      | Reached XP level 1. HP: 16/16 MP: 1/1
   274 | D:1      | Reached skill level 3 in Axes
   304 | D:1      | Discovered your monstrous ancestry.
   304 | D:1      | Gained mutation: You have a pair of small antennae on your
                  | head. [demonic ancestry]
   304 | D:1      | Reached XP level 2. HP: 14/22 MP: 2/2
   933 | D:2      | Gained mutation: Your touch may inflict minor irresistible
                  | damage on your foes. [demonic ancestry]
   933 | D:2      | Reached XP level 3. HP: 27/27 MP: 3/3
  1306 | D:2      | Reached skill level 1 in Armour
  1717 | D:2      | Noticed Sigmund
  1727 | D:2      | Killed Sigmund
  1728 | D:2      | Reached skill level 4 in Axes
  1728 | D:2      | Gained mutation: You have large cloven feet. [demonic
                  | ancestry]
  1728 | D:2      | Reached XP level 4. HP: 9/34 MP: 4/4
  1728 | D:2      | Reached XP level 5. HP: 11/40 MP: 5/5
  1973 | D:3      | Noticed Ijyb
  2000 | D:3      | Killed Ijyb
  2313 | D:3      | Found a faded altar of an unknown god.
  2600 | D:3      | Noticed Grinder
  2607 | D:3      | HP: 2/40 [Grinder (5)]
  2608 | D:3      | Slain by Grinder

Illustrated notes

Levels and vault maps discovered:
D:1:      psy_arrival_basics, layout_basic
D:2:      layout_basic, minmay_misc_feat_tower, uniq_sigmund
D:3:      layout_loops_ring, ebering_ecumenical_altar_petrified,
          kennysheep_generic_room_15, uniq_ijyb, uniq_grinder

Skill      XL: |  1  2  3 |
---------------+----------+-----
Axes           | 3 4 |  4.6
Dodging        | 3 |  3.2
Armour         | 2 |  2.1
Fighting       | |  2.9
Throwing       | |  1.8
Stealth        | |  0.8

Action                     |  1- 3 |  4- 6 || total
---------------------------+-------+-------++-------
  Melee: War axe           |    98 |    25 ||   123
         Punch             |     1 |       ||     1
         Touch             |     4 |     5 ||     9
         Kick              |       |     7 ||     7
  Throw: Javelin           |       |     4 ||     4
         Throwing net      |       |     4 ||     4
    Use: Scroll            |     1 |     4 ||     5
   Stab: Held in net/web   |       |     1 ||     1
 Armour: Leather armour    |    60 |     2 ||    62
         Chain mail        |       |     8 ||     8
         Ring mail         |       |     4 ||     4
  Dodge: Dodged            |    66 |    13 ||    79

Table legend: (Time is in decaauts)
 A = Elapsed time spent in this place.
 B = Non-inter-level travel time spent in this place.
 C = Inter-level travel time spent in this place.
 D = Time resting spent in this place.
 E = Time spent auto-exploring this place.
 F = Levels seen in this place.
 G = Mean time per level.
                   A        B        C        D        E       F      G
               +--------+--------+--------+--------+--------+-----+--------+
         Total |   2648 |   2648 |      0 |    353 |      0 |   3 |  882.7 |
       Dungeon |   2648 |   2648 |      0 |    353 |      0 |   3 |  882.7 |
               +--------+--------+--------+--------+--------+-----+--------+

Top non-repeatable levels by time:
     D:2: 1018 daAuts
     D:1: 950 daAuts
     D:3: 679 daAuts
